AoeStats
← kronospirit

Arabia

510810430Analyzed
1v1 RM · 12h ago on Oct 2, 2026· 31m 4s· 2 players
Game mode
Random Map
Map size
Tiny (2 player)
Population
200
Speed
Normal
Resources
Standard
Victory
Conquest
Starting age
Dark Age
Ending age
Imperial Age
RankedLock teamsTeams togetherTeam positionsShared explorationLock speedFull tech treeHidden civsTurbo modeCheats
Victory
Defeat
🇪🇸 Saracens · Spain
1003
+16
🇩🇪 Britons · Germany
1001
-16
Fabbro
5:52 Loom
12:24 Feudal Age
14:08 Feudal Age
15:41 Horse Collar
20:48 Castle Age
27:12 Crossbowman
27:58 Elite Skirmisher
29:56 Fletching
kronospirit
7:26 Loom
10:01 Feudal Age
11:02 Double-Bit Axe
11:01 Horse Collar
13:21 Fletching
17:32 Wheelbarrow
21:10 Castle Age
20:22 Padded Archer Armor
20:21 Gold Mining
20:27 Town Watch
21:14 Crossbowman
22:07 Bodkin Arrow
23:11 Thumb Ring
24:22 Leather Archer Armor
24:59 Bow Saw
25:21 Scale Barding Armor
25:27 Forging
25:30 Bloodlines
25:24 Husbandry
26:53 Hand Cart
26:44 Heavy Plow
29:52 Town Patrol
Connection lost

Rejoining the realm…

Still unreachable

The connection could not be restored.

Session expired

The server has moved on; the page needs a fresh start.